 Dungeon Crawl Stone Soup version 0.29.1-12-g30fa7ad0bf (webtiles) character file.

Game seed: 13382676336676782800

135 112233 the Magician (level 5, -2/31 HPs)
             Began as an Octopode Fire Elementalist on Dec 18, 2022.
             Slain by an iguana (8 damage)
             ... on level 4 of the Dungeon.
             The game lasted 00:02:30 (3745 turns).

112233 the Magician (Octopode Fire Elementalist)    Turns: 3745, Time: 00:02:31

Health: -2/31      AC:  1    Str:  6 (8)  XL:     5   Next: 18%
Magic:  15/21      EV: 13    Int: 19 (22) God:
Gold:   149        SH:  0    Dex: 11 (12) Spells: 10/13 levels left

rFire   . . .      SeeInvis +   l - +3 broad axe of Deformation {vorpal, Int+3 SInv}
rCold   + . .      Faith    .   (no shield)
rNeg    . . .      Spirit   .   (helmet restricted)
rPois   .          Reflect  .   (no amulet)
rElec   .          Harm     .   h - ring of magical power
rCorr   .          Rampage  .   r - ring of protection from cold
Will    .....                   (no ring)
Stlth   +++.......              (no ring)
HPRegen 0.10/turn               (no ring)
MPRegen 0.17/turn               (no ring)
                                (no ring)
                                (no ring)

@: no status effects
A: almost no armour, amphibious, 8 rings, camouflage 1, gelatinous body 1,
(nimble swimmer 1), tentacles
a: no special abilities


You were on level 4 of the Dungeon.
You visited 1 branch of the dungeon, and saw 4 of its levels.

You collected 149 gold pieces.

Inventory:

Hand Weapons
 b - a +2 short sword of speed
 j - a +1 dagger of speed
 l - the +3 broad axe of Deformation (weapon) {vorpal, Int+3 SInv}
   (You found it on level 2 of the Dungeon)

   It inflicts extra damage upon your enemies.
   Int:       It affects your intelligence (+3).
   SInv:      It lets you see invisible.
 m - a +2 whip of holy wrath
Magical Staves
 s - a staff of air
Jewellery
 h - a ring of magical power (left tentacle)
 r - a ring of protection from cold (right tentacle)
Scrolls
 f - 2 scrolls of vulnerability {unknown}
 i - 4 scrolls of identify {unknown}
 k - 5 scrolls of immolation {unknown}
 n - a scroll of enchant armour {unknown}
 o - a scroll of teleportation {unknown}
 p - a scroll of enchant weapon {unknown}
 q - a scroll of summoning {unknown}
 t - a scroll of magic mapping {unknown}
Potions
 a - a potion of magic
 c - a potion of lignification {unknown}
 d - a potion of heal wounds {unknown}


   Skills:
 - Level 2.0 Dodging
 - Level 2.8 Stealth
 + Level 4.7 Spellcasting
 - Level 1.0 Conjurations
 - Level 3.0 Fire Magic


You had 10 spell levels left.
You knew the following spells:

 Your Spells              Type           Power      Damage    Failure   Level
a - Foxfire               Conj/Fire      48%        2x1d6     5%          1
b - Scorch                Fire           32%        2d7       5%          2

Your spell library contained the following spells:

 Spells                   Type           Power      Damage    Failure   Level
 Conjure Flame            Conj/Fire      12%        6-21      16%         3
 Inner Flame              Hex/Fire       10%        N/A       21%         3
 Dazzling Flash           Conj/Hex       12%        N/A       30%         3
 Ozocubu's Armour         Ice            4%         N/A       36%         3
 Flame Wave               Conj/Fire      12%        2d6       47%         4
 Iskenderun's Mystic Bla  Conj/Tloc      6%         2d4       71%         4
 Olgreb's Toxic Radiance  Pois           4%         N/A       77%         4
 Metabolic Englaciation   Hex/Ice        2%         N/A       98%         5
 Simulacrum               Ice/Necr       2%         N/A       100%        6
 Starburst                Conj/Fire      6%         6d4       100%        6
 Ozocubu's Refrigeration  Ice            2%         4d7       100%        7
 Ignition                 Fire           8%         3d5       100%        8


Dungeon Overview and Level Annotations

Branches:
Dungeon (4/15)
 Temple: D:4-7

Altars:

Annotations:
D:3 Grinder


Innate Abilities, Weirdness & Mutations

You cannot wear most types of armour.
You are amphibious.
You can wear up to eight rings at the same time.
Your skin changes colour to match your surroundings (Stealth+).
Your rubbery body absorbs attacks. (AC +1, EV +1)
((You are camouflaged when in or above water. (Stealth+)))
You have tentacles for arms and can constrict up to eight enemies at once.


Message History

You see here a stone.
The iguana attacks as you move away! The iguana bites you!
The jackal closely misses you.
Okay, then.
Casting: Foxfire (safe; 4% risk of failure)
Confirm with . or Enter, or press ? or * to list all spells.
Flames lash the ogre.
The ogre is moderately wounded.
The ogre's fire resistance burns away.
The jackal bites you.
A jackal comes into view.
The jackal bites you.
Unknown command.
The jackal attacks as you move away! The jackal bites you. x2
You feel better.
A quokka comes into view.
The jackal bites you.
The quokka moves out of view.
Unknown command.
Casting: Scorch (safe; 4% risk of failure)
Confirm with . or Enter, or press ? or * to list all spells.
Flames lash the jackal.
You kill the jackal!
The ogre is no longer more vulnerable to fire.
The iguana bites you.
Unknown command.
Casting: Scorch (safe; 4% risk of failure)
Confirm with . or Enter, or press ? or * to list all spells.
Flames lash the ogre.
The ogre is severely wounded.
The ogre's fire resistance burns away.
The iguana bites you!
* * * LOW HITPOINT WARNING * * *
The iguana barely misses you.
Unknown command.
You feel better. The iguana bites you!
* * * LOW HITPOINT WARNING * * *
Unknown command.
It was a potion of degeneration.
There was something very wrong with that liquid.
You feel weakened.
You feel dopey.
You feel clumsy. The iguana bites you!
You die...

#.# .. #.# .v #.##§
###.§v ...§ ### #.##
....# #..#### #.
#.)..####....#########.
#...@lhO.......... ..
##########.####### #
#..## ##
######..#######.
#...............
...#####..#######
...[.###........
#.........####
#.....###.# #


You could see an ogre (combustible), an iguana and a jackal.

Vanquished Creatures
  5 adders
  4 dart slugs
  8 bats
  5 endoplasms
  3 giant cockroaches
  8 goblins
  4 hobgoblins
  10 jackals
  8 kobolds
  3 quokkas
  7 ball pythons
  2 frilled lizards
  9 rats
76 creatures vanquished.

Vanquished Creatures (others)
  278 foxfires
278 creatures vanquished.

Grand Total: 354 creatures vanquished

Notes
Turn   | Place    | Note
-------+----------+-------------------------------------------
     0 | D:1      | 112233 the Octopode Fire Elementalist began the quest for
                  | the Orb.
     0 | D:1      | Reached XP level 1. HP: 11/11 MP: 3/3
   312 | D:1      | Reached XP level 2. HP: 17/17 MP: 1/5
   802 | D:1      | Reached skill level 3 in Spellcasting
   838 | D:1      | Found a faded altar of an unknown god.
   924 | D:1      | Learned a level 2 spell: Scorch
  1048 | D:1      | Reached XP level 3. HP: 21/21 MP: 7/7
  2065 | D:2      | Identified the +3 broad axe of Deformation {vorpal, Int+3
                  | SInv}
  2204 | D:2      | Reached XP level 4. HP: 27/27 MP: 9/9
  2421 | D:2      | Reached skill level 4 in Spellcasting
  3466 | D:3      | Reached XP level 5. HP: 31/31 MP: 11/11
  3558 | D:3      | Noticed Grinder
  3731 | D:4      | Noticed an ogre
  3745 | D:4      | Slain by an iguana

Illustrated notes

Levels and vault maps discovered:
D:1:      dpeg_arrival_signposts, layout_loops_cross,
          hellmonk_ecumenical_altar_leap_of_faith
D:2:      layout_basic
D:3:      layout_rooms, serial_glass, glass_columns_b, glass_columns_c,
          uniq_grinder
D:4:      layout_rooms, mainiacjoe_overflow_brackets, uniq_sigmund

Skill      XL: |  1  2  3  4 |
---------------+-------------+-----
Spellcasting   | 3 4 |  4.7
Dodging        | |  2.0
Stealth        | |  2.8
Conjurations   | |  1.0
Fire Magic     | |  3.0

Action                   |  1- 3 |  4- 6 || total
-------------------------+-------+-------++-------
Melee: Unarmed           |     2 |       ||     2
       Constrict         |     1 |     4 ||     5
       Broad axe         |       |     9 ||     9
       Tentacles         |       |     4 ||     4
 Cast: Foxfire           |    94 |    77 ||   171
       Scorch            |     2 |     6 ||     8
  Use: Potion            |       |     4 ||     4
Armor: Skin              |     1 |     3 ||     4
Dodge: Dodged            |    33 |    17 ||    50
